[ AOE2 MATCH · #483228570 ]
UnrankedCumans vs Romans
[ REPLAY ANALYSIS · EXTRACTED FROM THE RECORDED GAME ]
Feudal
14:00
Castle
25:56
Imperial
36:05
| APM avg | 21.6 |
| APM peak | 85 |
| eAPM avg | 17.6 |
| Villagers / military | 88 / 450 |
Focus
⚔️ 55.8% · 🌾 44.2%
Kipchak ×158 · Steppe Lancer ×101 · Spearman ×71 · Scout Cavalry ×59 · Mangonel ×37 · Militia ×19
Feudal
14:43
Castle
25:00
Imperial
39:56
| APM avg | 16.1 |
| APM peak | 45 |
| eAPM avg | 12.9 |
| Villagers / military | 120 / 270 |
Focus
⚔️ 27.9% · 🌾 72.1%
Knight ×138 · Throwing Axeman ×98 · Battering Ram ×26 · Trade Cart ×22 · Militia ×8
Feudal
10:26
Castle
18:34
Imperial
29:41
| APM avg | 42.5 |
| APM peak | 113 |
| eAPM avg | 23.7 |
| Villagers / military | 140 / 525 |
Focus
⚔️ 32.5% · 🌾 67.5%
Spearman ×316 · Scorpion ×103 · Militia ×96 · Trebuchet (Packed) ×9 · Monk ×1
Feudal
9:47
Castle
21:38
Imperial
37:27
| APM avg | 13.3 |
| APM peak | 32 |
| eAPM avg | 10.9 |
| Villagers / military | 147 / 250 |
Focus
⚔️ 24.6% · 🌾 75.4%
Spearman ×124 · Longbowman ×98 · Trade Cart ×28 · Skirmisher ×20 · Monk ×5 · Trebuchet (Packed) ×3
Feudal
9:44
Castle
19:05
Imperial
36:47
| APM avg | 10.7 |
| APM peak | 25 |
| eAPM avg | 8.1 |
| Villagers / military | 90 / 482 |
Focus
⚔️ 40.4% · 🌾 59.6%
Conquistador ×260 · Spearman ×126 · Knight ×59 · Militia ×26 · Trade Cart ×25 · Trebuchet (Packed) ×10
Feudal
12:09
Castle
17:51
Imperial
32:22
| APM avg | 14.1 |
| APM peak | 42 |
| eAPM avg | 11.1 |
| Villagers / military | 116 / 375 |
Focus
⚔️ 31.7% · 🌾 68.3%
Spearman ×137 · Scorpion ×124 · Scout Cavalry ×85 · Trebuchet (Packed) ×23 · Trade Cart ×18 · Monk ×3
Match map
Initial resources + every placement click. Lines = walls · curves = elevation contours. ◆ gold · ⬟ stone · ● berries · ✦ relic · ◌ wall gap
Your base· ✓ Closed at 25:56 · 14t walls · 1 gate(s)
JR125941's base· ✓ Closed at 25:00 · 13t walls · 1 gate(s)
alex_hungar's base· Open — unwalled flank
mikecrowe21's base· Open — unwalled flank
samaffleck1's base· ✓ Closed at 19:05 · 35t walls · 2 gate(s)
topher23's base· Open — unwalled flank
Smoothed initial terrain · ◌ = detected wall gap · hover for details
Inputs per minute
— F'Layer - - JR125941
Build order — F'Layer
First 150 of 757 actions detected
| 0:03 | Create | Villager (Male) |
| 0:03 | Research | Loom |
| 0:06 | Build | House |
| 0:33 | Build | House |
| 0:41 | Create | Villager (Male) |
| 0:41 | Create | Villager (Male) |
| 0:41 | Create | Villager (Male) |
| 0:41 | Create | Villager (Male) |
| 1:23 | Build | Palisade Wall |
| 1:46 | Build | Palisade Gate |
| 2:06 | Build | Palisade Wall |
| 2:44 | Create | Villager (Male) |
| 2:44 | Create | Villager (Male) |
| 3:03 | Build | House |
| 3:07 | Build | House |
| 3:18 | Create | Villager (Male) |
| 3:48 | Create | Villager (Male) |
| 4:20 | Create | Villager (Male) |
| 4:28 | Build | House |
| 5:07 | Create | Villager (Male) |
| 5:41 | Create | Villager (Male) |
| 5:49 | Create | Villager (Male) |
| 6:19 | Create | Villager (Male) |
| 6:30 | Create | Villager (Male) |
| 7:24 | Create | Villager (Male) |
| 8:05 | Create | Villager (Male) |
| 8:07 | Create | Villager (Male) |
| 8:09 | Create | Villager (Male) |
| 8:13 | Create | Villager (Male) |
| 9:53 | Build | Mill |
| 10:08 | Create | Villager (Male) |
| 10:26 | Build | Lumber Camp |
| 10:52 | Create | Villager (Male) |
| 11:22 | Build | Mill |
| 11:50 | Research | Feudal Age |
| 14:00 | Age | Feudal Age |
| 14:05 | Create | Villager (Male) |
| 14:06 | Create | Villager (Male) |
| 14:06 | Create | Villager (Male) |
| 14:06 | Create | Villager (Male) |
| 14:19 | Build | Town Center |
| 15:28 | Build | Mining Camp |
| 15:55 | Create | Villager (Male) |
| 15:56 | Create | Villager (Male) |
| 15:56 | Create | Villager (Male) |
| 15:56 | Create | Villager (Male) |
| 15:57 | Create | Villager (Male) |
| 17:29 | Create | Villager (Male) |
| 17:29 | Create | Villager (Male) |
| 17:29 | Create | Villager (Male) |
| 17:30 | Create | Villager (Male) |
| 17:30 | Create | Villager (Male) |
| 17:37 | Build | House |
| 17:38 | Build | House |
| 17:39 | Build | House |
| 17:40 | Build | House |
| 17:51 | Build | Farm |
| 17:56 | Research | Double-Bit Axe |
| 17:59 | Create | Villager (Male) |
| 17:59 | Create | Villager (Male) |
| 18:00 | Create | Villager (Male) |
| 18:00 | Create | Villager (Male) |
| 18:00 | Create | Villager (Male) |
| 18:00 | Create | Villager (Male) |
| 18:01 | Create | Villager (Male) |
| 18:11 | Build | Farm |
| 18:31 | Build | Mining Camp |
| 18:49 | Research | Horse Collar |
| 19:07 | Research | Wheelbarrow |
| 19:19 | Build | House |
| 19:20 | Build | House |
| 19:25 | Build | Farm |
| 19:33 | Create | Villager (Male) |
| 19:33 | Create | Villager (Male) |
| 19:34 | Create | Villager (Male) |
| 19:37 | Create | Villager (Male) |
| 19:47 | Create | Villager (Male) |
| 19:47 | Create | Villager (Male) |
| 19:51 | Build | Farm |
| 19:52 | Build | Farm |
| 19:54 | Build | Farm |
| 19:57 | Build | Farm |
| 20:37 | Build | Barracks |
| 20:50 | Build | Farm |
| 20:56 | Build | Farm |
| 21:33 | Build | Market |
| 22:04 | Build | Blacksmith |
| 22:27 | Build | Farm |
| 22:29 | Build | Farm |
| 22:30 | Build | Farm |
| 22:37 | Build | Farm |
| 23:06 | Build | Farm |
| 23:16 | Research | Castle Age |
| 23:21 | Build | Farm |
| 23:32 | Build | Farm |
| 23:33 | Build | Farm |
| 23:36 | Build | Farm |
| 24:16 | Research | Padded Archer Armor |
| 24:17 | Research | Fletching |
| 24:22 | Research | Stone Mining |
| 24:27 | Create | Villager (Male) |
| 24:28 | Create | Villager (Male) |
| 24:29 | Create | Villager (Male) |
| 24:37 | Create | Trade Cart |
| 24:38 | Create | Trade Cart |
| 24:39 | Create | Trade Cart |
| 24:51 | Build | House |
| 24:53 | Build | House |
| 24:54 | Build | House |
| 24:56 | Build | House |
| 24:58 | Build | House |
| 25:41 | Research | Man-at-Arms (upgrade) |
| 25:44 | Research | Forging |
| 25:45 | Research | Scale Barding Armor |
| 25:52 | Create | Villager (Male) |
| 25:52 | Create | Villager (Male) |
| 25:52 | Create | Villager (Male) |
| 25:53 | Create | Villager (Male) |
| 25:56 | Age | Castle Age |
| 26:28 | Build | Monastery |
| 26:36 | Build | Farm |
| 26:45 | Create | Trade Cart |
| 26:59 | Build | Archery Range |
| 27:07 | Create | Villager (Male) |
| 27:08 | Create | Villager (Male) |
| 27:08 | Create | Villager (Male) |
| 27:21 | Build | Castle |
| 27:26 | Create | Monk |
| 27:27 | Create | Monk |
| 27:44 | Build | Farm |
| 27:49 | Build | Farm |
| 27:51 | Create | Villager (Male) |
| 27:52 | Create | Villager (Male) |
| 27:52 | Create | Villager (Male) |
| 27:52 | Create | Villager (Male) |
| 27:57 | Build | House |
| 27:58 | Build | House |
| 28:00 | Build | House |
| 28:12 | Create | Villager (Male) |
| 28:12 | Create | Villager (Male) |
| 28:12 | Create | Villager (Male) |
| 28:32 | Research | Leather Archer Armor |
| 28:32 | Research | Bodkin Arrow |
| 28:45 | Build | Stable |
| 28:46 | Build | Stable |
| 28:52 | Build | Stable |
| 28:53 | Build | Stable |
| 28:56 | Build | Stable |
| 29:04 | Build | Farm |
| 29:10 | Build | Farm |
Build order — JR125941
First 150 of 399 actions detected
| 0:17 | Build | House |
| 0:19 | Build | House |
| 0:29 | Create | Villager (Male) |
| 0:30 | Create | Villager (Male) |
| 0:30 | Create | Villager (Male) |
| 0:30 | Create | Villager (Male) |
| 0:30 | Create | Villager (Male) |
| 2:23 | Create | Villager (Male) |
| 2:23 | Create | Villager (Male) |
| 2:42 | Create | Villager (Male) |
| 3:09 | Create | Villager (Male) |
| 3:10 | Create | Villager (Male) |
| 3:21 | Build | House |
| 3:22 | Build | House |
| 3:35 | Create | Villager (Male) |
| 4:24 | Create | Villager (Male) |
| 5:02 | Create | Villager (Male) |
| 5:03 | Create | Villager (Male) |
| 5:03 | Create | Villager (Male) |
| 5:03 | Create | Villager (Male) |
| 5:18 | Create | Villager (Male) |
| 5:18 | Create | Villager (Male) |
| 5:59 | Create | Villager (Male) |
| 5:59 | Create | Villager (Male) |
| 5:59 | Create | Villager (Male) |
| 5:59 | Create | Villager (Male) |
| 6:00 | Create | Villager (Male) |
| 6:24 | Create | Villager (Male) |
| 6:24 | Create | Villager (Male) |
| 6:39 | Build | Mill |
| 7:06 | Create | Villager (Male) |
| 7:06 | Create | Villager (Male) |
| 7:36 | Create | Villager (Male) |
| 8:06 | Create | Villager (Male) |
| 8:59 | Create | Villager (Male) |
| 9:17 | Build | House |
| 9:19 | Build | House |
| 9:23 | Build | House |
| 9:29 | Create | Villager (Male) |
| 9:30 | Create | Villager (Male) |
| 10:11 | Create | Villager (Male) |
| 10:14 | Create | Villager (Male) |
| 10:43 | Build | Lumber Camp |
| 11:57 | Research | Feudal Age |
| 13:02 | Build | Mill |
| 13:24 | Create | Villager (Male) |
| 13:26 | Create | Villager (Male) |
| 13:26 | Create | Villager (Male) |
| 13:41 | Build | Barracks |
| 14:16 | Build | Mining Camp |
| 14:43 | Age | Feudal Age |
| 14:49 | Build | Stone Wall |
| 15:19 | Build | Barracks |
| 15:51 | Build | Market |
| 15:58 | Research | Double-Bit Axe |
| 15:59 | Create | Villager (Male) |
| 15:59 | Create | Villager (Male) |
| 15:59 | Create | Villager (Male) |
| 16:00 | Create | Villager (Male) |
| 16:00 | Create | Villager (Male) |
| 16:30 | Research | Man-at-Arms (upgrade) |
| 16:31 | Create | Militia ×5 |
| 16:32 | Create | Militia ×3 |
| 16:37 | Create | Villager (Male) |
| 16:53 | Create | Villager (Male) |
| 17:03 | Build | House |
| 17:04 | Build | House |
| 17:05 | Build | House |
| 17:06 | Build | House |
| 17:28 | Create | Villager (Male) |
| 17:29 | Create | Villager (Male) |
| 17:29 | Create | Villager (Male) |
| 18:16 | Create | Trade Cart ×5 |
| 18:26 | Build | Gate |
| 18:45 | Build | Farm |
| 18:47 | Build | Farm |
| 18:57 | Build | Farm |
| 18:58 | Build | Farm |
| 18:59 | Build | Farm |
| 19:00 | Build | Farm |
| 19:01 | Build | Farm |
| 19:03 | Build | Farm |
| 19:06 | Build | Farm |
| 19:11 | Build | Farm |
| 19:32 | Build | Farm |
| 19:33 | Build | Farm |
| 19:34 | Build | Farm |
| 19:36 | Build | Farm |
| 19:36 | Build | Farm |
| 20:10 | Create | Villager (Male) |
| 20:11 | Create | Villager (Male) |
| 20:20 | Build | Farm |
| 20:21 | Build | Farm |
| 20:29 | Build | Farm |
| 20:30 | Build | Farm |
| 21:17 | Build | Stable |
| 21:18 | Build | Stable |
| 21:23 | Create | Villager (Male) |
| 21:30 | Build | Farm |
| 21:31 | Build | Farm |
| 21:51 | Build | Blacksmith |
| 21:55 | Create | Villager (Male) |
| 21:55 | Create | Villager (Male) |
| 22:08 | Build | House |
| 22:08 | Build | House |
| 22:13 | Research | Castle Age |
| 22:17 | Build | House |
| 22:22 | Build | House |
| 22:32 | Build | House |
| 22:33 | Build | House |
| 22:50 | Build | Stable |
| 22:52 | Build | Stable |
| 23:04 | Research | Gold Mining |
| 23:17 | Build | Stable |
| 23:32 | Create | Trade Cart |
| 23:32 | Create | Trade Cart |
| 23:32 | Create | Trade Cart |
| 24:09 | Build | Mining Camp |
| 24:51 | Build | House |
| 24:52 | Build | House |
| 24:56 | Build | House |
| 24:57 | Build | House |
| 25:00 | Age | Castle Age |
| 25:04 | Create | Villager (Male) |
| 25:05 | Create | Villager (Male) |
| 25:05 | Create | Villager (Male) |
| 25:06 | Create | Villager (Male) |
| 25:06 | Create | Villager (Male) |
| 25:31 | Build | Town Center |
| 25:46 | Create | Villager (Male) |
| 25:46 | Create | Villager (Male) |
| 25:49 | Create | Knight ×5 |
| 25:49 | Create | Knight ×5 |
| 26:10 | Create | Trade Cart |
| 26:10 | Create | Trade Cart |
| 26:13 | Create | Trade Cart |
| 26:20 | Create | Villager (Male) |
| 26:20 | Create | Villager (Male) |
| 26:21 | Create | Villager (Male) |
| 26:21 | Create | Villager (Male) |
| 26:30 | Build | House |
| 26:31 | Build | House |
| 26:32 | Build | House |
| 26:35 | Build | House |
| 26:36 | Build | House |
| 26:39 | Build | House |
| 26:40 | Build | House |
| 27:01 | Build | Siege Workshop |
| 27:05 | Build | Siege Workshop |
| 27:18 | Build | Siege Workshop |
Build order — alex_hungar
First 150 of 481 actions detected
| 0:01 | Create | Villager (Male) |
| 0:01 | Create | Villager (Male) |
| 0:01 | Create | Villager (Male) |
| 0:01 | Create | Villager (Male) |
| 0:02 | Create | Villager (Male) |
| 0:03 | Build | House |
| 0:06 | Build | House |
| 0:10 | Build | House |
| 1:34 | Create | Villager (Male) |
| 1:50 | Build | Lumber Camp |
| 2:02 | Create | Villager (Male) |
| 2:03 | Create | Villager (Male) |
| 2:36 | Create | Villager (Male) |
| 2:36 | Create | Villager (Male) |
| 2:36 | Create | Villager (Male) |
| 3:18 | Create | Villager (Male) |
| 4:01 | Build | House |
| 4:02 | Build | House |
| 4:17 | Build | Mill |
| 4:19 | Create | Villager (Male) |
| 4:52 | Create | Villager (Male) |
| 4:52 | Create | Villager (Male) |
| 4:53 | Create | Villager (Male) |
| 5:11 | Create | Villager (Male) |
| 5:11 | Create | Villager (Male) |
| 5:29 | Create | Villager (Male) |
| 6:17 | Build | Mining Camp |
| 6:29 | Create | Villager (Male) |
| 6:29 | Create | Villager (Male) |
| 6:30 | Create | Villager (Male) |
| 7:23 | Research | Loom |
| 8:16 | Research | Feudal Age |
| 8:58 | Build | House |
| 9:00 | Build | House |
| 9:19 | Build | Barracks |
| 10:10 | Create | Villager (Male) |
| 10:11 | Create | Villager (Male) |
| 10:26 | Age | Feudal Age |
| 10:47 | Research | Double-Bit Axe |
| 10:48 | Research | Double-Bit Axe |
| 11:04 | Build | Blacksmith |
| 11:11 | Create | Villager (Male) |
| 11:30 | Build | Farm |
| 11:35 | Create | Villager (Male) |
| 11:36 | Create | Villager (Male) |
| 11:40 | Create | Villager (Male) |
| 11:41 | Create | Villager (Male) |
| 11:43 | Create | Villager (Male) |
| 11:49 | Create | Villager (Male) |
| 12:05 | Build | Stable |
| 12:11 | Build | Farm |
| 12:16 | Build | Farm |
| 12:20 | Build | Farm |
| 12:23 | Build | Farm |
| 12:39 | Build | Farm |
| 12:45 | Create | Villager (Male) |
| 13:10 | Build | Farm |
| 13:32 | Build | Farm |
| 13:38 | Build | Farm |
| 13:53 | Build | Farm |
| 14:16 | Build | Farm |
| 14:44 | Build | Farm |
| 15:23 | Create | Villager (Male) |
| 15:54 | Research | Castle Age |
| 17:29 | Research | Horse Collar |
| 17:45 | Build | House |
| 17:45 | Build | House |
| 17:47 | Build | House |
| 18:12 | Build | House |
| 18:14 | Build | House |
| 18:34 | Age | Castle Age |
| 18:39 | Build | Town Center |
| 18:53 | Create | Villager (Male) |
| 18:54 | Create | Villager (Male) |
| 18:54 | Create | Villager (Male) |
| 19:04 | Build | Town Center |
| 19:10 | Create | Villager (Male) |
| 19:17 | Research | Bow Saw |
| 19:22 | Build | Farm |
| 19:49 | Build | Monastery |
| 19:53 | Create | Villager (Male) |
| 19:56 | Research | Wheelbarrow |
| 20:26 | Build | Farm |
| 20:42 | Build | Farm |
| 20:46 | Create | Monk |
| 20:51 | Build | House |
| 20:51 | Build | House |
| 20:58 | Create | Villager (Male) |
| 20:58 | Create | Villager (Male) |
| 20:58 | Create | Villager (Male) |
| 20:58 | Create | Villager (Male) |
| 20:59 | Create | Villager (Male) |
| 20:59 | Create | Villager (Male) |
| 21:17 | Build | Farm |
| 21:25 | Create | Villager (Male) |
| 21:25 | Create | Villager (Male) |
| 21:25 | Create | Villager (Male) |
| 21:25 | Create | Villager (Male) |
| 21:25 | Create | Villager (Male) |
| 21:54 | Create | Villager (Male) |
| 21:54 | Create | Villager (Male) |
| 21:55 | Create | Villager (Male) |
| 21:55 | Create | Villager (Male) |
| 21:56 | Create | Villager (Male) |
| 21:56 | Create | Villager (Male) |
| 21:57 | Create | Villager (Male) |
| 22:11 | Build | House |
| 22:14 | Build | House |
| 22:22 | Research | Heavy Plow |
| 23:14 | Build | Farm |
| 23:24 | Build | Farm |
| 23:27 | Create | Villager (Male) |
| 23:31 | Build | House |
| 23:33 | Build | House |
| 23:39 | Build | University |
| 23:43 | Build | Farm |
| 23:46 | Build | Farm |
| 23:48 | Create | Villager (Male) |
| 23:55 | Create | Villager (Male) |
| 23:58 | Build | Farm |
| 24:02 | Create | Villager (Male) |
| 24:07 | Build | Farm |
| 24:16 | Build | Farm |
| 24:22 | Create | Villager (Male) |
| 24:22 | Create | Villager (Male) |
| 24:23 | Create | Villager (Male) |
| 24:27 | Build | Mining Camp |
| 24:47 | Create | Villager (Male) |
| 24:48 | Create | Villager (Male) |
| 24:51 | Build | Farm |
| 24:51 | Build | Farm |
| 24:57 | Create | Villager (Male) |
| 25:08 | Build | Town Center |
| 25:27 | Build | Farm |
| 25:29 | Create | Villager (Male) |
| 25:29 | Create | Villager (Male) |
| 25:57 | Build | Barracks |
| 25:59 | Build | Barracks |
| 26:00 | Build | Barracks |
| 26:03 | Build | Barracks |
| 26:06 | Build | Barracks |
| 26:07 | Build | Barracks |
| 26:09 | Build | Barracks |
| 26:21 | Build | Mining Camp |
| 26:23 | Research | Gold Mining |
| 26:26 | Create | Villager (Male) |
| 26:31 | Research | Imperial Age |
| 26:32 | Create | Villager (Male) |
| 26:50 | Create | Villager (Male) |
| 27:17 | Research | Hand Cart |
Build order — mikecrowe21
First 150 of 349 actions detected
| 0:02 | Create | Villager (Male) |
| 0:02 | Create | Villager (Male) |
| 0:04 | Build | House |
| 0:06 | Build | House |
| 0:07 | Create | Villager (Male) |
| 0:07 | Create | Villager (Male) |
| 2:04 | Create | Villager (Male) |
| 2:04 | Create | Villager (Male) |
| 2:05 | Create | Villager (Male) |
| 2:48 | Build | Lumber Camp |
| 2:53 | Create | Villager (Male) |
| 3:52 | Create | Villager (Male) |
| 3:53 | Create | Villager (Male) |
| 4:13 | Create | Villager (Male) |
| 4:26 | Build | House |
| 4:40 | Create | Villager (Male) |
| 4:48 | Build | Mill |
| 4:59 | Create | Villager (Male) |
| 5:17 | Create | Villager (Male) |
| 5:18 | Create | Villager (Male) |
| 5:19 | Create | Villager (Male) |
| 5:20 | Research | Loom |
| 7:35 | Research | Feudal Age |
| 8:37 | Create | Villager (Male) |
| 8:54 | Build | Barracks |
| 9:47 | Age | Feudal Age |
| 9:49 | Research | Horse Collar |
| 9:51 | Research | Double-Bit Axe |
| 9:54 | Build | House |
| 9:56 | Build | House |
| 9:57 | Build | House |
| 10:05 | Build | House |
| 10:10 | Build | House |
| 10:24 | Build | Farm |
| 10:34 | Build | Farm |
| 10:37 | Build | Farm |
| 10:51 | Create | Villager (Male) |
| 10:56 | Create | Villager (Male) |
| 11:10 | Build | House |
| 11:15 | Build | House |
| 11:23 | Build | House |
| 11:27 | Build | House |
| 11:30 | Build | House |
| 11:31 | Build | House |
| 11:34 | Build | House |
| 11:54 | Research | Wheelbarrow |
| 12:36 | Build | Stone Wall |
| 12:42 | Build | Gate |
| 12:58 | Build | Stone Wall |
| 13:04 | Build | Gate |
| 13:13 | Create | Villager (Male) ×5 |
| 13:37 | Build | Mining Camp |
| 14:01 | Build | Mining Camp |
| 14:17 | Build | House |
| 14:21 | Build | Blacksmith |
| 14:30 | Build | Archery Range |
| 14:52 | Create | Villager (Male) ×5 |
| 14:57 | Build | Farm |
| 15:10 | Build | Farm |
| 15:31 | Build | Lumber Camp |
| 15:47 | Build | Farm |
| 16:11 | Build | Watch Tower |
| 16:32 | Build | Stone Wall |
| 16:48 | Build | Farm |
| 16:49 | Build | Farm |
| 17:08 | Build | Farm |
| 17:29 | Build | Farm |
| 17:32 | Create | Villager (Male) |
| 18:03 | Build | Farm |
| 18:18 | Build | Farm |
| 18:22 | Create | Villager (Male) |
| 18:44 | Build | Farm |
| 18:45 | Build | Farm |
| 18:54 | Build | Farm |
| 18:58 | Research | Castle Age |
| 19:30 | Build | Gate |
| 19:39 | Create | Villager (Male) |
| 19:39 | Create | Villager (Male) |
| 19:40 | Create | Villager (Male) |
| 19:40 | Create | Villager (Male) |
| 20:22 | Create | Villager (Male) |
| 21:13 | Build | Archery Range |
| 21:14 | Build | Archery Range |
| 21:38 | Age | Castle Age |
| 21:46 | Build | Town Center |
| 22:06 | Build | Town Center |
| 22:19 | Research | Bow Saw |
| 22:21 | Research | Heavy Plow |
| 22:24 | Research | Gold Mining |
| 22:27 | Research | Stone Mining |
| 22:34 | Create | Villager (Male) ×5 |
| 23:09 | Create | Villager (Male) ×5 |
| 23:16 | Create | Villager (Male) ×2 |
| 23:31 | Create | Villager (Male) |
| 23:47 | Create | Villager (Male) |
| 23:55 | Create | Villager (Male) |
| 24:04 | Build | Town Center |
| 24:19 | Build | Monastery |
| 24:26 | Build | Market |
| 24:43 | Create | Villager (Male) |
| 24:49 | Create | Villager (Male) |
| 24:49 | Create | Villager (Male) |
| 25:09 | Create | Villager (Male) |
| 25:09 | Create | Villager (Male) |
| 25:19 | Research | Hand Cart |
| 25:24 | Build | Farm |
| 25:29 | Build | Farm |
| 25:38 | Create | Monk |
| 25:46 | Create | Villager (Male) |
| 25:52 | Create | Villager (Male) |
| 25:55 | Create | Villager (Male) |
| 25:56 | Create | Villager (Male) |
| 26:13 | Create | Villager (Male) |
| 26:17 | Build | Farm |
| 26:20 | Build | Farm |
| 26:27 | Build | Farm |
| 26:28 | Build | Farm |
| 26:41 | Build | Lumber Camp |
| 26:59 | Research | Caravan |
| 26:59 | Create | Trade Cart ×2 |
| 27:11 | Build | Farm |
| 27:15 | Build | Farm |
| 27:19 | Create | Villager (Male) |
| 27:22 | Create | Villager (Male) |
| 27:22 | Create | Villager (Male) |
| 27:23 | Create | Villager (Male) |
| 27:23 | Create | Villager (Male) |
| 27:27 | Create | Villager (Male) ×4 |
| 28:01 | Build | Farm |
| 28:18 | Build | University |
| 28:30 | Create | Villager (Male) |
| 28:34 | Create | Villager (Male) |
| 28:34 | Create | Villager (Male) |
| 28:35 | Create | Villager (Male) |
| 28:37 | Create | Villager (Male) |
| 28:38 | Create | Villager (Male) |
| 28:38 | Create | Villager (Male) |
| 28:40 | Create | Villager (Male) |
| 28:41 | Create | Villager (Male) |
| 28:42 | Create | Villager (Male) |
| 28:44 | Create | Villager (Male) |
| 28:44 | Create | Villager (Male) |
| 29:16 | Create | Villager (Male) |
| 29:19 | Build | Farm |
| 29:23 | Build | Farm |
| 29:39 | Research | Elite Skirmisher (upgrade) |
| 29:43 | Research | Fletching |
| 29:44 | Research | Padded Archer Armor |
| 29:48 | Build | Farm |
| 29:58 | Create | Villager (Male) |
Build order — samaffleck1
First 150 of 332 actions detected
| 0:12 | Build | House |
| 0:14 | Build | House |
| 0:21 | Create | Villager (Male) ×4 |
| 1:00 | Build | House |
| 1:02 | Build | House |
| 1:45 | Create | Villager (Male) |
| 1:57 | Build | Lumber Camp |
| 2:24 | Create | Villager (Male) |
| 2:42 | Create | Villager (Male) |
| 3:02 | Create | Villager (Male) |
| 3:36 | Create | Villager (Male) |
| 3:37 | Create | Villager (Male) |
| 4:25 | Create | Villager (Male) |
| 4:56 | Create | Villager (Male) |
| 5:20 | Create | Villager (Male) |
| 5:35 | Create | Villager (Male) |
| 5:36 | Create | Villager (Male) |
| 5:37 | Create | Villager (Male) |
| 7:03 | Build | Mill |
| 7:34 | Research | Feudal Age |
| 8:27 | Create | Villager (Male) |
| 8:28 | Create | Villager (Male) |
| 8:47 | Build | Mining Camp |
| 9:44 | Age | Feudal Age |
| 9:52 | Research | Double-Bit Axe |
| 10:10 | Build | Mining Camp |
| 10:30 | Build | Stone Wall |
| 10:34 | Build | Stone Wall |
| 10:42 | Build | Gate |
| 11:02 | Build | Market |
| 11:16 | Create | Villager (Male) ×5 |
| 12:32 | Build | House |
| 12:34 | Build | House |
| 12:42 | Build | Farm |
| 12:49 | Build | Farm |
| 12:51 | Build | Farm |
| 12:55 | Build | Farm |
| 13:09 | Create | Villager (Male) |
| 13:10 | Create | Villager (Male) |
| 13:34 | Build | Blacksmith |
| 13:53 | Build | Farm |
| 13:56 | Build | Farm |
| 14:26 | Build | Mining Camp |
| 14:44 | Build | Farm |
| 15:09 | Build | Farm |
| 15:15 | Build | Farm |
| 16:00 | Create | Villager (Male) |
| 16:21 | Research | Castle Age |
| 16:43 | Build | Stone Wall |
| 16:48 | Build | Gate |
| 17:09 | Research | Gold Mining |
| 17:23 | Build | Barracks |
| 17:38 | Create | Trade Cart |
| 17:38 | Create | Trade Cart |
| 18:52 | Build | Farm |
| 18:55 | Research | Horse Collar |
| 19:00 | Research | Stone Mining |
| 19:05 | Age | Castle Age |
| 19:18 | Build | Town Center |
| 19:22 | Create | Villager (Male) ×5 |
| 20:18 | Build | House |
| 20:19 | Build | House |
| 20:21 | Build | House |
| 20:24 | Create | Villager (Male) ×5 |
| 20:31 | Create | Villager (Male) ×2 |
| 20:43 | Build | Farm |
| 20:55 | Research | Stone Mining |
| 21:45 | Build | House |
| 21:50 | Build | Mining Camp |
| 21:58 | Research | Wheelbarrow |
| 22:02 | Create | Villager (Male) |
| 22:57 | Research | Pikeman (upgrade) |
| 23:21 | Build | Town Center |
| 23:42 | Create | Spearman ×2 |
| 24:05 | Create | Villager (Male) ×3 |
| 24:11 | Create | Villager (Male) |
| 24:13 | Create | Villager (Male) |
| 24:27 | Build | Farm |
| 24:45 | Create | Spearman ×4 |
| 24:55 | Create | Villager (Male) |
| 26:06 | Build | Castle |
| 26:09 | Build | Farm |
| 26:13 | Research | Hand Cart |
| 26:17 | Create | Villager (Male) |
| 26:35 | Create | Villager (Male) |
| 26:42 | Build | Farm |
| 26:48 | Build | Farm |
| 26:51 | Build | Farm |
| 26:57 | Build | Farm |
| 27:01 | Create | Trade Cart ×3 |
| 27:18 | Research | Man-at-Arms (upgrade) |
| 27:19 | Create | Militia |
| 27:29 | Create | Villager (Male) |
| 27:33 | Create | Villager (Male) |
| 27:44 | Build | Farm |
| 27:48 | Build | Farm |
| 27:50 | Create | Villager (Male) |
| 27:53 | Create | Villager (Male) |
| 27:57 | Create | Villager (Male) |
| 27:59 | Create | Villager (Male) |
| 28:22 | Research | Heavy Plow |
| 28:26 | Create | Villager (Male) |
| 28:38 | Build | Lumber Camp |
| 28:42 | Build | Farm |
| 28:47 | Build | Farm |
| 28:50 | Create | Villager (Male) |
| 28:53 | Create | Villager (Male) |
| 28:57 | Create | Villager (Male) |
| 28:57 | Create | Villager (Male) |
| 29:35 | Build | Stable |
| 29:36 | Build | Stable |
| 29:38 | Build | Stable |
| 29:47 | Create | Villager (Male) ×5 |
| 29:51 | Create | Villager (Male) |
| 29:51 | Create | Villager (Male) |
| 29:51 | Create | Villager (Male) |
| 29:57 | Create | Villager (Male) |
| 30:02 | Create | Villager (Male) |
| 30:17 | Build | Farm |
| 30:31 | Build | Castle |
| 30:35 | Create | Conquistador ×3 |
| 30:43 | Build | Farm |
| 30:46 | Build | Farm |
| 30:52 | Research | Stone Shaft Mining |
| 30:58 | Create | Villager (Male) |
| 30:58 | Create | Villager (Male) |
| 30:58 | Create | Villager (Male) |
| 31:05 | Build | Farm |
| 31:08 | Build | Farm |
| 31:14 | Build | Farm |
| 31:23 | Create | Trade Cart ×5 |
| 31:33 | Research | Caravan |
| 31:36 | Create | Trade Cart ×5 |
| 31:50 | Build | Farm |
| 31:53 | Build | Farm |
| 31:57 | Create | Villager (Male) ×5 |
| 32:13 | Create | Villager (Male) ×2 |
| 32:59 | Build | House |
| 33:00 | Build | House |
| 33:01 | Build | House |
| 33:04 | Build | House |
| 33:06 | Build | House |
| 33:23 | Research | Padded Archer Armor |
| 33:23 | Research | Forging |
| 33:37 | Research | Imperial Age |
| 33:52 | Build | Monastery |
| 34:03 | Build | Castle |
| 34:07 | Research | Husbandry |
| 34:07 | Research | Bloodlines |
| 34:11 | Create | Conquistador ×2 |
Build order — topher23
First 150 of 352 actions detected
| 0:04 | Create | Villager (Male) |
| 0:04 | Create | Villager (Male) |
| 0:04 | Create | Villager (Male) |
| 0:04 | Create | Villager (Male) |
| 0:06 | Build | House |
| 0:08 | Build | House |
| 2:02 | Build | Lumber Camp |
| 2:05 | Create | Villager (Male) |
| 2:06 | Create | Villager (Male) |
| 2:06 | Create | Villager (Male) |
| 2:58 | Create | Villager (Male) |
| 2:58 | Create | Villager (Male) |
| 3:42 | Create | Villager (Male) |
| 3:42 | Create | Villager (Male) |
| 4:00 | Create | Villager (Male) |
| 4:00 | Create | Villager (Male) |
| 4:12 | Build | Mill |
| 4:19 | Create | Villager (Male) |
| 4:19 | Create | Villager (Male) |
| 5:00 | Build | House |
| 5:02 | Build | House |
| 5:21 | Create | Villager (Male) |
| 5:22 | Create | Villager (Male) |
| 5:22 | Create | Villager (Male) |
| 5:50 | Create | Villager (Male) |
| 6:35 | Create | Villager (Male) |
| 6:51 | Research | Loom |
| 6:55 | Create | Villager (Male) |
| 6:55 | Create | Villager (Male) |
| 6:56 | Create | Villager (Male) |
| 7:38 | Create | Villager (Male) |
| 7:39 | Create | Villager (Male) |
| 9:59 | Research | Feudal Age |
| 10:05 | Build | House |
| 10:06 | Build | House |
| 10:07 | Build | House |
| 10:09 | Build | House |
| 11:02 | Build | Mining Camp |
| 11:13 | Create | Villager (Male) |
| 11:13 | Create | Villager (Male) |
| 11:13 | Create | Villager (Male) |
| 11:13 | Create | Villager (Male) |
| 11:14 | Create | Villager (Male) |
| 12:09 | Age | Feudal Age |
| 12:13 | Build | Stable |
| 12:19 | Build | Mill |
| 12:29 | Create | Villager (Male) |
| 12:29 | Create | Villager (Male) |
| 12:42 | Build | Archery Range |
| 14:32 | Research | Double-Bit Axe |
| 14:38 | Research | Castle Age |
| 14:49 | Build | House |
| 14:51 | Build | House |
| 14:52 | Build | House |
| 15:11 | Research | Castle Age |
| 16:34 | Build | Farm |
| 16:40 | Research | Gold Mining |
| 16:55 | Build | House |
| 16:56 | Build | House |
| 16:57 | Build | House |
| 16:58 | Build | House |
| 17:34 | Build | Farm |
| 17:51 | Age | Castle Age |
| 17:54 | Build | Town Center |
| 18:02 | Build | Town Center |
| 18:08 | Build | Monastery |
| 18:12 | Create | Villager (Male) ×5 |
| 19:03 | Create | Monk |
| 19:26 | Create | Villager (Male) ×5 |
| 19:31 | Create | Villager (Male) |
| 19:42 | Create | Villager (Male) |
| 19:46 | Build | Farm |
| 19:51 | Build | Farm |
| 20:11 | Create | Villager (Male) |
| 20:18 | Build | Farm |
| 20:23 | Build | Farm |
| 20:28 | Build | Farm |
| 20:34 | Build | Siege Workshop |
| 21:12 | Build | Farm |
| 21:16 | Create | Villager (Male) |
| 21:17 | Create | Villager (Male) |
| 21:19 | Create | Villager (Male) |
| 21:22 | Build | Farm |
| 21:25 | Build | Farm |
| 21:37 | Create | Battering Ram |
| 21:58 | Research | Bow Saw |
| 22:11 | Build | Farm |
| 22:17 | Build | Farm |
| 22:35 | Build | Farm |
| 22:36 | Build | Farm |
| 22:36 | Build | Farm |
| 22:37 | Build | Farm |
| 22:48 | Create | Villager (Male) |
| 22:49 | Create | Villager (Male) |
| 22:50 | Create | Villager (Male) |
| 22:50 | Create | Villager (Male) |
| 22:54 | Create | Villager (Male) |
| 23:07 | Create | Battering Ram |
| 23:07 | Create | Battering Ram |
| 23:50 | Build | Barracks |
| 24:06 | Build | Farm |
| 24:16 | Create | Scorpion ×5 |
| 24:24 | Create | Villager (Male) |
| 24:25 | Create | Villager (Male) |
| 24:25 | Create | Villager (Male) |
| 24:26 | Create | Villager (Male) |
| 24:27 | Create | Villager (Male) |
| 24:27 | Create | Villager (Male) |
| 24:29 | Create | Villager (Male) |
| 24:29 | Create | Villager (Male) |
| 24:29 | Create | Villager (Male) |
| 24:58 | Create | Spearman |
| 24:59 | Create | Spearman |
| 26:19 | Build | University |
| 26:22 | Create | Villager (Male) |
| 26:22 | Create | Villager (Male) |
| 26:22 | Create | Villager (Male) |
| 26:22 | Create | Villager (Male) |
| 26:23 | Create | Villager (Male) |
| 26:23 | Create | Villager (Male) |
| 26:24 | Create | Villager (Male) |
| 26:24 | Create | Villager (Male) |
| 26:24 | Create | Villager (Male) |
| 26:25 | Create | Villager (Male) |
| 26:25 | Create | Villager (Male) |
| 26:25 | Create | Villager (Male) |
| 26:28 | Build | Farm |
| 26:44 | Build | Farm |
| 26:46 | Build | Farm |
| 26:52 | Build | Farm |
| 26:56 | Build | Farm |
| 27:03 | Build | Farm |
| 27:06 | Build | Farm |
| 27:12 | Research | Wheelbarrow |
| 27:37 | Build | Farm |
| 27:58 | Research | Ballistics |
| 28:28 | Build | Farm |
| 28:32 | Build | Farm |
| 29:12 | Research | Imperial Age |
| 29:17 | Build | Farm |
| 29:19 | Create | Villager (Male) |
| 29:20 | Create | Villager (Male) |
| 29:20 | Create | Villager (Male) |
| 29:23 | Create | Villager (Male) |
| 29:26 | Build | Farm |
| 29:31 | Build | Farm |
| 29:36 | Build | Farm |
| 29:40 | Research | Horse Collar |
| 29:55 | Create | Scorpion ×3 |
| 30:12 | Build | Market |
Match timeline
| 1:23 | F'Layer · wall_segment Palisade Wall x8 |
| 2:06 | F'Layer · wall_segment Palisade Wall x6 |
| 8:54 | mikecrowe21 · first_building Barracks |
| 9:19 | alex_hungar · first_building Barracks |
| 9:44 | samaffleck1 · age_up feudal |
| 9:47 | mikecrowe21 · age_up feudal |
| 10:26 | alex_hungar · age_up feudal |
| 10:30 | samaffleck1 · wall_segment Stone Wall x14 |
| 10:34 | samaffleck1 · wall_segment Stone Wall x12 |
| 12:05 | alex_hungar · first_building Stable |
| 12:09 | topher23 · age_up feudal |
| 12:13 | topher23 · first_building Stable |
| 12:36 | mikecrowe21 · wall_segment Stone Wall x14 |
| 12:42 | topher23 · first_building Archery Range |
| 12:58 | mikecrowe21 · wall_segment Stone Wall x11 |
| 13:41 | JR125941 · first_building Barracks |
| 14:00 | F'Layer · age_up feudal |
| 14:30 | mikecrowe21 · first_building Archery Range |
| 14:43 | JR125941 · age_up feudal |
| 14:49 | JR125941 · wall_segment Stone Wall x13 |
| 15:45 | samaffleck1 · first_market_buy 100 food |
| 16:32 | mikecrowe21 · wall_segment Stone Wall x9 |
| 16:43 | samaffleck1 · wall_segment Stone Wall x10 |
| 17:23 | samaffleck1 · first_building Barracks |
| 17:51 | topher23 · age_up castle |
| 18:08 | topher23 · first_building Monastery |
| 18:34 | alex_hungar · age_up castle |
| 19:05 | samaffleck1 · age_up castle |
| 19:49 | alex_hungar · first_building Monastery |
| 20:34 | topher23 · first_building Siege Workshop |
| 20:37 | F'Layer · first_building Barracks |
| 21:17 | JR125941 · first_building Stable |
| 21:38 | mikecrowe21 · age_up castle |
| 23:30 | JR125941 · first_market_buy 100 wood |
| 23:50 | topher23 · first_building Barracks |
| 24:19 | mikecrowe21 · first_building Monastery |
| 25:00 | JR125941 · age_up castle |
| 25:56 | F'Layer · age_up castle |
| 26:06 | samaffleck1 · first_building Castle |
| 26:13 | JR125941 · first_market_sell 100 wood |
| 26:28 | F'Layer · first_building Monastery |
| 26:59 | F'Layer · first_building Archery Range |
| 27:01 | JR125941 · first_building Siege Workshop |
| 27:21 | F'Layer · first_building Castle |
| 28:45 | F'Layer · first_building Stable |
| 29:35 | samaffleck1 · first_building Stable |
| 29:41 | alex_hungar · age_up imperial |
| 30:13 | alex_hungar · first_building Castle |
| 30:45 | alex_hungar · wall_segment Stone Wall x3 |
| 31:23 | alex_hungar · wall_segment Stone Wall x9 |
| 32:22 | topher23 · age_up imperial |
| 33:01 | mikecrowe21 · first_building Castle |
| 33:40 | alex_hungar · wall_segment Stone Wall x4 |
| 33:52 | samaffleck1 · first_building Monastery |
| 34:49 | alex_hungar · first_building Siege Workshop |
| 35:02 | JR125941 · first_building Castle |
| 35:35 | F'Layer · first_building Siege Workshop |
| 35:37 | mikecrowe21 · wall_segment Stone Wall x18 |
| 35:41 | alex_hungar · wall_segment Stone Wall x2 |
| 36:05 | F'Layer · age_up imperial |
| 36:47 | samaffleck1 · age_up imperial |
| 37:27 | mikecrowe21 · age_up imperial |
| 37:28 | topher23 · first_building Castle |
| 39:56 | JR125941 · age_up imperial |
| 40:07 | JR125941 · tribute_sent a jugador 2 |
| 40:07 | JR125941 · tribute_sent a jugador 3 |
| 40:07 | JR125941 · tribute_sent a jugador 4 |
| 40:07 | JR125941 · tribute_sent a jugador 5 |
| 40:07 | JR125941 · tribute_sent a jugador 6 |
| 44:58 | F'Layer · first_market_buy 100 food |
| 47:14 | mikecrowe21 · first_building Siege Workshop |
| 51:50 | mikecrowe21 · wall_segment Stone Wall x12 |
| 52:09 | mikecrowe21 · wall_segment Stone Wall x15 |
| 54:51 | JR125941 · tribute_sent a jugador 2 |
| 54:51 | JR125941 · tribute_sent a jugador 3 |
| 54:51 | JR125941 · tribute_sent a jugador 4 |
| 54:51 | JR125941 · tribute_sent a jugador 5 |
| 54:51 | JR125941 · tribute_sent a jugador 6 |
| 61:34 | mikecrowe21 · first_market_buy 100 stone |
| 61:36 | mikecrowe21 · first_market_sell 100 food |
| 64:14 | F'Layer · first_market_sell 100 food |
| 64:14 | samaffleck1 · resign |
[ AI ANALYSIS · 1 CREDIT ]
What really happened in this match?
Wolo.gg analyzes every decision: build order, eco, micro, common mistakes by bracket. Personalized analysis on WhatsApp or Discord in 30 seconds.
Civ guide
Cumans
Perfil
Jugador #9531129